 Dungeon Crawl Stone Soup version 0.21-a0-49-g7bf2ba4 (webtiles) character file.

165 Amianthus the Cutter (level 5, 0/44 HPs)
             Began as a Gnoll Wanderer on June 3, 2017.
             Slain by an orc
             ... wielding a cursed -1 hand axe
              (2 damage)
             ... on level 2 of the Dungeon on June 9, 2017.
             The game lasted 00:05:01 (1955 turns).

Amianthus the Cutter (Gnoll Wanderer)               Turns: 1955, Time: 00:05:01

Health: 0/44       AC:  3    Str: 13    XL:     5   Next: 46%
Magic:  5/5        EV: 12    Int: 11    God:
Gold:   146        SH:  5    Dex: 14    Spells: 4/4 levels left

rFire    . . .     SeeInvis .   a - +2 short sword
rCold    . . .     Gourm    .   c - +0 buckler
rNeg     . . .     Faith    .   r - +0 leather armour
rPois    .         Spirit   .   (no helmet)
rElec    .         Reflect  .   (no cloak)
rCorr    .         Harm     .   (no gloves)
MR       .....                  (no boots)
Stlth    ++........             (no amulet)
Regen    0.2/turn               (no ring)
MPRegen  0.1/turn               (no ring)

@: no status effects
A: short attention span, fangs 1, strong nose
a: no special abilities


You were on level 2 of the Dungeon.
You were not hungry.

You visited 1 branch of the dungeon, and saw 3 of its levels.

You collected 146 gold pieces.

Inventory:

Hand Weapons
 a - a +2 short sword (weapon)
Armour
 c - a +0 buckler (worn)
 r - a +0 leather armour (worn)
Scrolls
 b - a scroll of teleportation
 h - a scroll of enchant armour {unknown}
 i - a scroll of remove curse {unknown}
 l - 2 scrolls of identify {unknown}
 o - a scroll of immolation {unknown}
 q - a scroll of random uselessness {unknown}
Potions
 e - a potion of agility {unknown}
 j - a potion of lignification {unknown}
 m - a potion of resistance {unknown}
 n - 2 potions of curing {unknown}
 p - a potion of flight {unknown}
Comestibles
 d - 6 chunks of flesh
 f - a bread ration
 k - 3 fruits


   Skills:
 + Level 5.1 Fighting
 * Level 5.9 Short Blades
   Level 3.2 Axes
 - Level 1.7 Throwing
 - Level 1.7 Armour
 * Level 2.9 Dodging
 - Level 2.7 Stealth
 + Level 3.2 Shields


You had 4 spell levels left.
You didn't know any spells.

Dungeon Overview and Level Annotations

Branches:
Dungeon (3/15)

Altars:


Innate Abilities, Weirdness & Mutations

You have a short attention span.
You have very sharp teeth.
Your uncanny sense of smell can sniff out nearby items.


Message History

The orc hits you but does no damage. The goblin barely misses you.
You hit the orc but do no damage. Your bite misses the orc.
The orc is severely wounded.
The orc hits you with an enchanted hand axe.
* * * LOW HITPOINT WARNING * * *
You hit the orc but do no damage. You bite the orc, but do no damage.
The orc is severely wounded.
The goblin closely misses you. The orc barely misses you.
You completely miss the orc.
The orc is severely wounded.
The goblin closely misses you.
Unknown command.
You hit the orc.
The orc is almost dead.
The orc misses you. The goblin hits you.
* * * LOW HITPOINT WARNING * * *
You barely miss the orc.
The orc is almost dead.
The orc hits you with an enchanted hand axe.
You die...

#.#######.#..#.#
#.# #.#†.#.# #.#
#.#..#.# #.#
#.#..#.# #.#
#.#..#.# #.#
#.#..#.# #.#
#.#..#.#
###.#######.#..#.#
#@o...............
#g#.#######.#.##.#
#.#..............#
#.#########.#.....
#.###### #.#...).
#......# #.#.####
#......# #.#.....
#......## #.#.####
#.......# #.#.#


You could see an orc and a goblin.

Vanquished Creatures
  2 orc wizards (D:2)
  Jessica (D:2)
  3 adders
  2 worms (D:2)
  4 orcs (D:2)
  5 bats
  5 giant cockroaches
  5 goblins
  5 hobgoblins
  6 kobolds
  4 frilled lizards (D:2)
  10 rats
52 creatures vanquished.

Notes
Turn   | Place    | Note
-------+----------+-------------------------------------------
     0 | D:1      | Amianthus the Gnoll Wanderer began the quest for the Orb.
     0 | D:1      | Amianthus set off with: a +2 short sword, a scroll of teleportation, a +0 buckler, a +0 robe, a bread ration
     0 | D:1      | Reached XP level 1. HP: 18/18 MP: 1/1
   167 | D:1      | Reached XP level 2. HP: 25/25 MP: 2/2
   332 | D:1      | Upgraded the game from 0.21-a0-41-g5e91fef to 0.21-a0-49-g7bf2ba4
   724 | D:1      | Reached XP level 3. HP: 21/31 MP: 3/3
  1194 | D:2      | Reached skill level 1 in Dodging
  1218 | D:2      | Noticed Jessica
  1225 | D:2      | Killed Jessica
  1225 | D:2      | Reached XP level 4. HP: 36/38 MP: 4/4
  1255 | D:2      | Reached skill level 5 in Short Blades
  1520 | D:2      | Reached skill level 5 in Fighting
  1520 | D:2      | Reached XP level 5. HP: 30/44 MP: 5/5
  1954 | D:2      | HP: 2/44 [goblin (4)]
  1955 | D:2      | Slain by an orc

Vault maps used:
D:1:      onia_arrival_handbag
D:2:      minivault_27, uniq_jessica
D:3:      fedhas_altar_1, gammafunk_temple_overflow_forgotten, first_bread,
          uniq_terence

Skill      XL: |  1  2  3  4  5 |
---------------+----------------+-----
Fighting       | 4 5 |  5.1
Short Blades   | 4 5 |  5.9
Stealth        | 2 |  2.7
Shields        | 2 3 |  3.2
Dodging        | 1 2 |  2.9
Axes           | |  3.2
Throwing       | |  1.7
Armour         | |  1.7

Action                   |  1- 3 |  4- 6 || total
-------------------------+-------+-------++-------
Melee: Short sword       |    98 |    87 ||   185
       Bite              |     8 |     9 ||    17
 Stab: Sleeping          |     8 |       ||     8
  Eat: Chunk             |     1 |     2 ||     3
Armor: Robe              |    15 |     2 ||    17
       Leather armour    |       |    15 ||    15
Dodge: Dodged            |    43 |    43 ||    86
Block: Buckler           |    16 |    17 ||    33
